 Dungeon Crawl Stone Soup version 0.31-a0-799-g6bc09d010c (webtiles) character file.

Game seed: 1888001817913642885

18 Bravepunisher the Ducker (level 2, -2/16 HPs)
             Began as a Spriggan Monk on Sept 19, 2023.
             Killed from afar by an electric eel (10 damage)
             ... with a bolt of electricity
             ... on level 7 of the Dungeon.
             The game lasted 00:03:27 (644 turns).

Bravepunisher the Ducker (Spriggan Monk)             Turns: 644, Time: 00:03:27

Health: -2/16      AC:  2    Str:  7    XL:     2   Next: 48%
Magic:  3/3        EV: 19    Int: 11    God:
Gold:   37         SH:  0    Dex: 17    Spells: 1/1 levels left

rFire   . . .        a - +0 short sword
rCold   . . .        (no shield)
rNeg    . . .        b - +0 robe
rPois   .            (helmet restricted)
rElec   .            (no cloak)
rCorr   .            (gloves unavailable)
SInv    +            (boots unavailable)
Will    .....        (no amulet)
Stlth   ++           (no ring)
HPRegen 0.22/turn    (no ring)
MPRegen 0.08/turn

%: no passive effects
@: very quick
A: very small, no large weapons, unfitting armour, see invisible, speed 3
a: no special abilities


You were on level 7 of the Dungeon.
You visited 1 branch of the dungeon, and saw 5 of its levels.

You collected 37 gold pieces.

Inventory:

Hand Weapons
 a - a +0 short sword (weapon)
Armour
 b - a +0 robe (worn)
 d - an orb of light
 j - a +1 hat
Wands
 g - a wand of polymorph (11)
Scrolls
 e - a scroll of fear
 f - a scroll of identify
 h - a scroll of enchant weapon
Potions
 c - a potion of ambrosia
 i - a potion of curing {unknown}


   Skills:
 * Level 3.0 Fighting
 - Level 3.2 Short Blades
 + Level 4.4 Dodging


You had one spell level left.
You didn't know any spells.
Your spell library was empty.

Dungeon Overview and Level Annotations

Branches:
Dungeon (4/15)
 Temple: D:4-7

Altars:
Sif Muna

Annotations:
D:2 Sigmund


Innate Abilities, Weirdness & Mutations

You are very small and have problems with some larger weapons.
You are too small for most types of armour.
You have supernaturally acute eyesight. (SInv)
You cover ground extremely quickly. (Speed+++)


Message History

The orc shouts!
Found a sharpened lead wand and a scroll labelled KITUWU SONETAT.
Found a shiny orb.
g - a wand of polymorph (11)
f - 2 scrolls labelled KITUWU SONETAT (gained 1)
You see here an orb of light.
Found a scroll labelled OSMYRCHOLIRI.
A dart slug comes into view. 2 dart slugs and 2 electric eels come into view.
Found an embroidered hat.
The dart slug launches a dart at you. The slug dart misses you.
The dart slug launches a dart at you. The slug dart misses you.
The dart slug briefly extends its eye-stalks.
The dart slug launches a dart at you. The slug dart misses you.
The electric eel shoots out a bolt of lightning at you!
The bolt of electricity hits you!
Ouch! That really hurt!
You hear a shout!
As you read the scroll labelled KITUWU SONETAT, it crumbles to dust.
It is a scroll of identify.
h - a scroll of enchant weapon
Okay, then.
You start resting.
HP restored.
The electric eel shoots out a bolt of lightning at you!
The bolt of electricity hits you!
Ouch! That really hurt!
A dart slug comes into view.
Found a book of Weapons and a faintly glowing chain mail.
The dart slug launches a dart at you. The slug dart misses you.
You see here a +1 hat.
j - a +1 hat The electric eel shoots out a bolt of lightning at you!
The bolt of electricity hits you!
Ouch! That really hurt!
You die...

≈##.##...#.#
~≈≈.....#...#
~≈≈w~##...###
~~≈Sww#..## ###
.~≈≈≈≈...# ##.##
~≈≈≈≈~~#.# ##.#.#
≈~≈≈≈~~~.####.####
.~≈≈≈~~So....##
.~≈~~~≈@..###.#
w~~~~≈~~### ###
~≈≈~#≈≈~#
~~≈≈≈≈### .~≈≈≈≈
[≈≈≈~~ ≈≈≈~~ ##~..


You could see 2 electric eels, 4 dart slugs and an orc.

Vanquished Creatures
  4 bats
  An endoplasm (D:1)
  4 hobgoblins (D:1)
  A quokka (D:2)
  2 ball pythons
  3 frilled lizards
  A rat (D:1)
16 creatures vanquished.

Notes
Turn   | Place    | Note
-------+----------+-------------------------------------------
     0 | D:1      | Bravepunisher the Spriggan Monk began the quest for the
                  | Orb.
     0 | D:1      | Reached XP level 1. HP: 11/11 MP: 2/2
   183 | D:1      | Reached XP level 2. HP: 16/16 MP: 3/3
   250 | D:2      | Noticed Sigmund
   489 | D:4      | You fall into a shaft and drop 3 floors!
   495 | D:7      | Found a shimmering blue altar of Sif Muna.
   576 | D:7      | Noticed an electric eel
   576 | D:7      | Noticed an electric eel
   581 | D:7      | Noticed an ogre
   644 | D:7      | Killed from afar by an electric eel

Illustrated notes

Levels and vault maps discovered:
D:1:      dpeg_arrival_houses_and_road, layout_basic
D:2:      layout_loops_ring, minmay_hexomino_p4, uniq_sigmund
D:3:      layout_loops_ring, serial_co_window_serial,
          co_window_of_opportunity_a, co_window_paths_a, co_window_paths_b,
          co_window_paths_a, co_window_corner_a, co_window_corner_b,
          co_window_2corner, co_window_unsneaky_path_a, co_window_paths_c,
          co_window_4corner_a, co_window_paths_d, glass_columns_b,
          minmay_fractal_squares_5
D:4:      layout_loops_cross, marbit_many_paths, nicolae_overflow_crystal_walls
D:7:      kennysheep_slugbush, layout_loops_corners, kennysheep_mini_moat,
          mainiacjoe_overflow_tiny_flanked, nicolae_temple_entry_ecumenical,
          serial_demonic, serial_demonic_g, serial_demonic_g, serial_demonic_b,
          serial_demonic_a

Skill      XL: |  1  2 |
---------------+-------+-----
Fighting       | 3 |  3.0
Short Blades   | |  3.2
Dodging        | |  4.4

Action                     || total
---------------------------++-------
  Melee: Short sword       ||    71
    Use: Scroll            ||     3
   Stab: Sleeping          ||     1
 Armour: Robe              ||    21
  Dodge: Dodged            ||   109

Table legend: (Time is in decaauts)
 A = Elapsed time spent in this place.
 B = Non-inter-level travel time spent in this place.
 C = Inter-level travel time spent in this place.
 D = Time resting spent in this place.
 E = Time spent auto-exploring this place.
 F = Levels seen in this place.
 G = Mean time per level.
                   A        B        C        D        E       F      G
               +--------+--------+--------+--------+--------+-----+--------+
         Total |    446 |    446 |      0 |     43 |    100 |   5 |   89.2 |
       Dungeon |    446 |    446 |      0 |     43 |    100 |   5 |   89.2 |
               +--------+--------+--------+--------+--------+-----+--------+

Top non-repeatable levels by time:
     D:1: 178 daAuts
     D:7: 112 daAuts
     D:2: 91 daAuts
     D:3: 50 daAuts
     D:4: 14 daAuts
